Senators vs Rocket

Created - March 13, 2022 at 00:25

Goals
1 2 3 T
Senators 0 1 1 2
Rocket 2 1 1 4
Shots
1 2 3 T
Senators 13 8 13 34
Rocket 12 17 9 38

1st period

1. Rocket , Karson Kuhlman 6 (Adam Fox 17) at 3:00
2. Rocket , Adam Fox 3 (Viktor Loov 16, Corey Trivino 25) at 18:37

Penalties :
No Penalty

2nd period

3. Rocket , Mattias Tedenby 22 (Brandon Pirri 21) at 6:11
4. Senators , Chandler Stephenson 5 (Dmitry Sinitsyn 23, Michael Matheson 6) at 10:35

Penalties :
No Penalty

3rd period

5. Senators , A.J. Jenks 5 (Dylan Blujus 14) at 1:00
6. Rocket , Danton Heinen 21 (Adrian Kempe 31) at 15:16 (PP)

Penalties :
Adam Fox (Lav) for Goalie Interference (Minor) at 6:56, Tomas Jurco (Bel) for High sticking (Minor) at 15:00

Goalie Stats

Scott Wedgewood (Bel), 34 saves from 38 shots - (0.895), L, 1-6-1, 60:00 minutes
Igor Shesterkin (Lav), 32 saves from 34 shots - (0.941), W, 14-9-1, 60:00 minutes

Players Stats for Senators

Player Name              G  A  P  +/- PIM S  H  SB GA TA FO     MP     PP MP  PK MP  
------------------------------------------------------------------------------------
A.J. Jenks               1  0  1   1  0   5  2  0  0  0  0/2    14:07   0:05   0:00 
Anthony Richard          0  0  0   0  0   0  0  0  0  0  0/0     0:00   0:00   0:00 
Chandler Stephenson      1  0  1   1  0   1  1  0  1  0  1/2     9:20   0:00   0:00 
Christoph Bertschy       0  0  0  -3  0   2  0  4  2  0  17/29  20:43   1:00   0:16 
Dmitry Sinitsyn          0  1  1   1  0   2  1  2  0  2  0/0    22:56   1:03   0:16 
Dylan Blujus             0  1  1   0  0   3  0  3  1  0  0/0    17:12   0:56   0:00 
Grant Besse              0  0  0   1  0   4  0  0  0  1  0/0    14:07   0:05   0:00 
Jack Dougherty           0  0  0  -1  0   3  1  2  0  0  0/0    12:13   0:00   0:00 
Joonas Lyytinen          0  0  0  -1  0   0  0  0  0  0  0/0     7:39   0:00   0:00 
Jordan Schroeder         0  0  0   0  0   2  0  0  0  0  7/10   16:00   0:54   0:00 
Keegan Lowe              0  0  0   0  0   1  2  1  1  1  0/0    17:12   0:56   0:00 
Kevin Rooney             0  0  0   1  0   0  0  0  0  0  2/5    13:13   0:00   0:00 
Mason Geertsen           0  0  0  -1  0   1  2  0  0  0  0/0     7:39   0:00   0:00 
Michael Matheson         0  1  1   1  0   1  4  1  1  1  0/0    22:56   1:03   0:16 
Oliver Bjorkstrand       0  0  0   0  0   1  2  1  2  0  0/1    15:50   0:54   0:00 
Scott Harrington         0  0  0  -1  0   0  1  1  0  0  0/0    12:13   0:00   0:00 
Tomas Jurco              0  0  0  -3  2   1  1  0  1  0  0/1    20:26   1:00   0:00 
Vitaly Abramov           0  0  0   1  0   1  0  0  2  0  1/1     9:39   0:05   0:00 
William Bitten           0  0  0   1  0   0  2  0  0  0  0/0     9:20   0:00   0:00 
Zachary Sanford          0  0  0  -3  0   3  1  0  1  0  1/2    20:43   1:00   0:16 
Zemgus Girgensons        0  0  0   0  0   3  3  0  2  0  0/0    16:15   0:54   0:00 

Players Stats for Rocket

Player Name              G  A  P  +/- PIM S  H  SB GA TA FO     MP     PP MP  PK MP  
------------------------------------------------------------------------------------
Adam Fox                 1  1  2   2  2   3  2  3  0  0  0/0    23:30   0:00   0:00 
Adrian Kempe             0  1  1   0  0   5  3  1  1  1  0/2    17:11   0:16   0:45 
Andrei Mironov           0  0  0   0  0   0  1  0  0  2  0/0    23:27   0:00   1:07 
Andrey Pedan             0  0  0  -1  0   1  2  1  0  1  0/0    13:17   0:16   0:52 
Brandon Pirri            0  1  1   2  0   6  2  0  0  1  0/0    19:15   0:00   0:00 
Corey Trivino            0  1  1   2  0   2  0  0  0  2  11/23  20:23   0:16   0:46 
Danton Heinen            1  0  1   0  0   5  3  0  0  0  1/3    16:33   0:16   0:00 
Dean Kukan               0  0  0  -1  0   0  0  2  0  1  0/0    12:42   0:00   0:00 
Dominic Turgeon          0  0  0  -1  0   0  0  0  0  0  4/7    12:49   0:00   0:54 
Dylan DeMelo             0  0  0   0  0   0  1  2  0  1  0/0    23:43   0:16   1:07 
Jiri Sekac               0  0  0  -1  0   1  0  1  1  0  0/0    12:14   0:00   0:19 
Karson Kuhlman           1  0  1   0  0   2  0  1  1  0  2/4    10:31   0:00   0:19 
Kole Sherwood            0  0  0   0  0   0  1  0  0  0  1/1    10:12   0:00   0:00 
Mattias Tedenby          1  0  1   2  0   4  2  0  1  0  1/1    19:28   0:00   0:00 
Peter Holland            0  0  0   0  0   1  2  0  0  3  4/11   15:40   0:00   0:00 
Sergey Tolchinsky        0  0  0   0  0   3  0  0  1  0  0/1    10:12   0:00   0:00 
Ty Rattie                0  0  0  -1  0   1  2  0  0  1  0/0    13:18   0:00   0:55 
Viktor Loov              0  1  1   2  0   4  2  2  0  1  0/0    23:35   0:00   0:52 

3 Stars

1 - Adam Fox (Lav)
2 - Mattias Tedenby (Lav)
3 - Igor Shesterkin (Lav)

Power Play

Senators - 0 on 1 Attempt(s) - 0.00%
Rocket - 1 on 1 Attempt(s) - 100.00%

Penalty Kill

Senators - 0 on 1 Attempt(s) - 0.00% - Score 0 goal in Penalty Kill
Rocket - 1 on 1 Attempt(s) - 100.00% - Score 0 goal in Penalty Kill

Team Stat

Senators - Hits : 23 - Faceoff Wins : 29 - Blocked Shots : 15 - Penalty Minutes : 2
Rocket - Hits : 23 - Faceoff Wins : 24 - Blocked Shots : 13 - Penalty Minutes : 2

Official

Referees : Jon McIsaac and Ian Walsh
Linesman : Ryan Daisy and Ryan Gibbons

Game Notes

No Game Note

Finance

Level 1 -- Attendance: 1913 (95.65%) -- Ticket Income $66,955
Level 2 -- Attendance: 897 (89.70%) -- Ticket Income $13,455
Total Attendance: 2810 (93.67%)
Total Ticket Income: $80,410
Other Income: $4,020
Total Income: $84,430

Senators

5 vs 5 Forward 
   Center                   Left Wing                Right Wing               Time % Phy DF OF 
 1 Christoph Bertschy       Zachary Sanford          Tomas Jurco              40     1   2  2  
 2 Jordan Schroeder         Zemgus Girgensons        Oliver Bjorkstrand       30     1   2  2  
 3 Kevin Rooney             A.J. Jenks               Grant Besse              20     1   2  2  
 4 Chandler Stephenson      Vitaly Abramov           William Bitten           10     1   2  2  

5 vs 5 Defense 
   Defense                  Defense                                           Time % Phy DF OF 
 1 Michael Matheson         Dmitry Sinitsyn                                   40     1   2  2  
 2 Keegan Lowe              Dylan Blujus                                      30     1   2  2  
 3 Scott Harrington         Jack Dougherty                                    20     1   2  2  
 4 Joonas Lyytinen          Mason Geertsen                                    10     1   2  2  

PowerPlay Forward 
   Center                   Left Wing                Right Wing               Time % Phy DF OF 
 1 Christoph Bertschy       Zachary Sanford          Tomas Jurco              60     0   1  4  
 2 Jordan Schroeder         Zemgus Girgensons        Oliver Bjorkstrand       40     0   1  4  

PowerPlay Defense
   Defense                  Defense                                           Time % Phy DF OF 
 1 Michael Matheson         Dmitry Sinitsyn                                   60     0   1  4  
 2 Keegan Lowe              Dylan Blujus                                      40     0   1  4  

Penalty Kill 4 Players Forward 
   Center                   Wing                     Time % Phy DF OF 
 1 Christoph Bertschy       Zachary Sanford          60     1   2  2  
 2 Jordan Schroeder         Zemgus Girgensons        40     1   2  2  

Penalty Kill 4 Players Defense
   Defense                  Defense                  Time % Phy DF OF 
 1 Michael Matheson         Dmitry Sinitsyn          60     1   2  2  
 2 Keegan Lowe              Dylan Blujus             40     1   2  2  

Penalty Kill - 3 Players Forward 
   Forward                                           Time % Phy DF OF 
 1 Christoph Bertschy                                60     1   2  2  
 2 Jordan Schroeder                                  40     1   2  2  

Penalty Kill - 3 Players Defense
   Defense                  Defense                  Time % Phy DF OF 
 1 Michael Matheson         Dmitry Sinitsyn          60     1   2  2  
 2 Keegan Lowe              Dylan Blujus             40     1   2  2  

4 vs 4 Forward 
   Center                   Wing                     Time % Phy DF OF 
 1 Christoph Bertschy       Zachary Sanford          60     1   2  2  
 2 Jordan Schroeder         Zemgus Girgensons        40     1   2  2  

4 vs 4 Defense
   Defense                  Defense                  Time % Phy DF OF 
 1 Michael Matheson         Dmitry Sinitsyn          60     1   2  2  
 2 Keegan Lowe              Dylan Blujus             40     1   2  2  

Last Minutes Offensive
   Center                   Left Wing                Right Wing               Defense                  Defense                  
   Christoph Bertschy       Zachary Sanford          Tomas Jurco              Michael Matheson         Dmitry Sinitsyn          

Last Minutes Defensive
   Center                   Left Wing                Right Wing               Defense                  Defense                  
   Christoph Bertschy       Zachary Sanford          Tomas Jurco              Michael Matheson         Dmitry Sinitsyn          

Goaltenders
Starting : Scott Wedgewood          
Backup : Keven Bouchard           

Extra Forwards
Normal : A.J. Jenks, Christoph Bertschy, Jordan Schroeder - PP : A.J. Jenks, Christoph Bertschy - PK : A.J. Jenks
Extra Defensemen
Normal : Jack Dougherty, Joonas Lyytinen, Mason Geertsen - PP : Jack Dougherty - PK : Jack Dougherty, Joonas Lyytinen
Penalty Shots
Tomas Jurco, Oliver Bjorkstrand, Zachary Sanford, Zemgus Girgensons, A.J. Jenks

Scratches
Adam Ollas-Mattsson (Healthy), Gustav Forsling (Healthy), Jonas Siegenthaler (Healthy), Arttu Ruotsalainen (Healthy), Cliff Pu (Healthy)
Sami Aittokallio (Healthy)

Rocket

5 vs 5 Forward 
   Center                   Left Wing                Right Wing               Time % Phy DF OF 
 1 Corey Trivino            Brandon Pirri            Mattias Tedenby          40     0   1  4  
 2 Peter Holland            Adrian Kempe             Danton Heinen            30     0   1  4  
 3 Dominic Turgeon          Jiri Sekac               Ty Rattie                20     0   2  3  
 4 Karson Kuhlman           Sergey Tolchinsky        Kole Sherwood            10     0   2  3  

5 vs 5 Defense 
   Defense                  Defense                                           Time % Phy DF OF 
 1 Viktor Loov              Adam Fox                                          40     1   2  2  
 2 Dylan DeMelo             Andrei Mironov                                    30     1   2  2  
 3 Dean Kukan               Andrey Pedan                                      20     1   2  2  
 4 Andrei Mironov           Dylan DeMelo                                      10     1   2  2  

PowerPlay Forward 
   Center                   Left Wing                Right Wing               Time % Phy DF OF 
 1 Corey Trivino            Adrian Kempe             Danton Heinen            60     1   2  2  
 2 Peter Holland            Brandon Pirri            Mattias Tedenby          40     1   2  2  

PowerPlay Defense
   Defense                  Defense                                           Time % Phy DF OF 
 1 Viktor Loov              Adam Fox                                          60     1   2  2  
 2 Dylan DeMelo             Andrey Pedan                                      40     1   2  2  

Penalty Kill 4 Players Forward 
   Center                   Wing                     Time % Phy DF OF 
 1 Dominic Turgeon          Ty Rattie                60     1   2  2  
 2 Karson Kuhlman           Jiri Sekac               40     1   2  2  

Penalty Kill 4 Players Defense
   Defense                  Defense                  Time % Phy DF OF 
 1 Andrei Mironov           Dylan DeMelo             60     1   2  2  
 2 Viktor Loov              Adam Fox                 40     1   2  2  

Penalty Kill - 3 Players Forward 
   Forward                                           Time % Phy DF OF 
 1 Dominic Turgeon                                   60     1   2  2  
 2 Peter Holland                                     40     1   2  2  

Penalty Kill - 3 Players Defense
   Defense                  Defense                  Time % Phy DF OF 
 1 Viktor Loov              Dean Kukan               60     1   2  2  
 2 Dylan DeMelo             Andrey Pedan             40     1   2  2  

4 vs 4 Forward 
   Center                   Wing                     Time % Phy DF OF 
 1 Corey Trivino            Mattias Tedenby          60     1   2  2  
 2 Brandon Pirri            Adrian Kempe             40     1   2  2  

4 vs 4 Defense
   Defense                  Defense                  Time % Phy DF OF 
 1 Viktor Loov              Dean Kukan               60     1   2  2  
 2 Dylan DeMelo             Andrey Pedan             40     1   2  2  

Last Minutes Offensive
   Center                   Left Wing                Right Wing               Defense                  Defense                  
   Corey Trivino            Brandon Pirri            Mattias Tedenby          Viktor Loov              Dean Kukan               

Last Minutes Defensive
   Center                   Left Wing                Right Wing               Defense                  Defense                  
   Corey Trivino            Brandon Pirri            Mattias Tedenby          Viktor Loov              Dean Kukan               

Goaltenders
Starting : Igor Shesterkin          
Backup : Jean-Francois Berube     

Extra Forwards
Normal : Danton Heinen, Adrian Kempe, Mattias Tedenby - PP : Danton Heinen, Adrian Kempe - PK : Dominic Turgeon
Extra Defensemen
Normal : Andrei Mironov, Adam Fox, Dylan DeMelo - PP : Viktor Loov - PK : Andrei Mironov, Dylan DeMelo
Penalty Shots
Corey Trivino, Mattias Tedenby, Brandon Pirri, Adrian Kempe, Danton Heinen

Scratches
Daniel Sprong (Healthy), Guillaume Brisebois (Healthy), Jack Glover (Healthy), Mason Appleton (Healthy), Ryan Collins (Healthy)
Tyler Lewington (Healthy), Luke Kunin (Healthy), Mikhail Maltsev (Healthy), Blake Hillman (Healthy)

% Time on Ice - Senators

Lines # - Real PCT - Wanted PCT - Time Play
Normal Forward
1 - 35% - 40% - 20:16
2 - 26% - 30% - 14:56
3 - 23% - 20% - 13:13
4 - 16% - 10% - 9:20
Normal Defense
1 - 37% - 40% - 21:37
2 - 28% - 30% - 16:16
3 - 21% - 20% - 12:13
4 - 13% - 10% - 7:39
PP Forward
1 - 55% - 60% - 1:05
2 - 45% - 40% - 0:54
PP Defense
1 - 53% - 60% - 1:03
2 - 47% - 40% - 0:56
PK Forward
1 - 100% - 60% - 0:16
2 - 0% - 40% - 0:00
PK Defense
1 - 100% - 60% - 0:16
2 - 0% - 40% - 0:00
PK3 Forward
1 - 0% - 60%
2 - 0% - 40%
PK3 Defense
1 - 0% - 60%
2 - 0% - 40%
44 Forward
1 - 0% - 60%
2 - 0% - 40%
44 Defense
1 - 0% - 60%
2 - 0% - 40%
Last Minute Offensive  - 0:00
Last Minute Defensive  - 0:00
Total
Forward - 60:00
Defense - 60:00

% Time on Ice - Rocket

Lines # - Real PCT - Wanted PCT - Time Play
Normal Forward
1 - 35% - 40% - 19:58
2 - 27% - 30% - 15:40
3 - 21% - 20% - 11:55
4 - 18% - 10% - 10:12
Normal Defense
1 - 40% - 40% - 23:16
2 - 30% - 30% - 17:05
3 - 20% - 20% - 11:35
4 - 10% - 10% - 5:49
PP Forward
1 - 100% - 60% - 0:16
2 - 0% - 40% - 0:00
PP Defense
1 - 0% - 60% - 0:00
2 - 100% - 40% - 0:16
PK Forward
1 - 84% - 60% - 1:40
2 - 16% - 40% - 0:19
PK Defense
1 - 56% - 60% - 1:07
2 - 44% - 40% - 0:52
PK3 Forward
1 - 0% - 60%
2 - 0% - 40%
PK3 Defense
1 - 0% - 60%
2 - 0% - 40%
44 Forward
1 - 0% - 60%
2 - 0% - 40%
44 Defense
1 - 0% - 60%
2 - 0% - 40%
Last Minute Offensive  - 0:00
Last Minute Defensive  - 0:00
Total
Forward - 60:00
Defense - 60:00

Play-by-Play

1st period


0:01 of 1st period - Christoph Bertschy wins face-off versus Corey Trivino in neutral zone.
0:51 of 1st period - Slapshot by Corey Trivino.
0:51 of 1st period - Stopped by Scott Wedgewood with a rebound.
0:53 of 1st period - Slapshot by Viktor Loov.
0:53 of 1st period - Deflect By Dylan Blujus.
0:53 of 1st period - Stopped by Scott Wedgewood without a rebound.
0:54 of 1st period - Jordan Schroeder wins face-off versus Peter Holland in Senators zone.
1:50 of 1st period - Snap shot by Sergey Tolchinsky.
1:50 of 1st period - Stopped by Scott Wedgewood with a rebound.
1:52 of 1st period - Wrist shot by Sergey Tolchinsky.
1:52 of 1st period - Stopped by Scott Wedgewood with a rebound.
2:02 of 1st period - Dmitry Sinitsyn is hit by Andrey Pedan.
2:10 of 1st period - Slapshot by Zemgus Girgensons.
2:10 of 1st period - Stopped by Igor Shesterkin with a rebound.
3:00 of 1st period - Snap shot by Karson Kuhlman.
3:00 of 1st period - Goal by Karson Kuhlman - Senators : 0 - Rocket : 1.
3:01 of 1st period - Christoph Bertschy wins face-off versus Peter Holland in neutral zone.
3:14 of 1st period - Wrist shot by Zachary Sanford.
3:14 of 1st period - Stopped by Igor Shesterkin with a rebound.
4:08 of 1st period - Icing by Michael Matheson.
4:09 of 1st period - Karson Kuhlman wins face-off versus Kevin Rooney in Senators zone.
4:12 of 1st period - Wrist shot by Kole Sherwood.
4:12 of 1st period - Shot Misses the Net.
4:18 of 1st period - Kole Sherwood is hit by Dmitry Sinitsyn and loses puck.
4:53 of 1st period - Jordan Schroeder is hit by Danton Heinen and loses puck.
5:16 of 1st period - Wrist shot by Brandon Pirri.
5:16 of 1st period - Stopped by Scott Wedgewood with a rebound.
5:18 of 1st period - Backhand shot by Dean Kukan.
5:18 of 1st period - Shot Misses the Net.
5:20 of 1st period - Snap shot by Mattias Tedenby.
5:20 of 1st period - Shot Blocked by Jack Dougherty.
5:26 of 1st period - Wrist shot by Mattias Tedenby.
5:26 of 1st period - Shot Blocked by Scott Harrington.
6:37 of 1st period - Scott Harrington is hit by Adam Fox and loses puck.
6:44 of 1st period - Adam Fox is hit by Chandler Stephenson and loses puck.
6:56 of 1st period - Off-side.
6:57 of 1st period - Jordan Schroeder wins face-off versus Karson Kuhlman in neutral zone.
7:10 of 1st period - Slapshot by Zemgus Girgensons.
7:10 of 1st period - Shot Misses the Net.
7:24 of 1st period - Dylan DeMelo is hit by Zachary Sanford and loses puck.
8:02 of 1st period - Snap shot by Brandon Pirri.
8:02 of 1st period - Stopped by Scott Wedgewood without a rebound.
8:03 of 1st period - Vitaly Abramov wins face-off versus Danton Heinen in Senators zone.
8:36 of 1st period - Snap shot by Zachary Sanford.
8:36 of 1st period - Deflect By Tomas Jurco.
8:36 of 1st period - Stopped by Igor Shesterkin without a rebound.
8:37 of 1st period - Corey Trivino wins face-off versus Christoph Bertschy in Rocket zone.
8:46 of 1st period - Slapshot by Mattias Tedenby.
8:46 of 1st period - Shot Misses the Net.
9:52 of 1st period - Wrist shot by Dominic Turgeon.
9:52 of 1st period - Shot Misses the Net.
10:15 of 1st period - Slapshot by Sergey Tolchinsky.
10:15 of 1st period - Shot Blocked by Dmitry Sinitsyn.
10:17 of 1st period - Slapshot by Viktor Loov.
10:17 of 1st period - Stopped by Scott Wedgewood with a rebound.
10:19 of 1st period - Wrist shot by Karson Kuhlman.
10:19 of 1st period - Shot Hit the Post.
10:29 of 1st period - Dmitry Sinitsyn is hit by Adam Fox and loses puck.
11:09 of 1st period - Snap shot by Christoph Bertschy.
11:09 of 1st period - Stopped by Igor Shesterkin with a rebound.
11:16 of 1st period - Off-side.
11:17 of 1st period - Kole Sherwood wins face-off versus Oliver Bjorkstrand in neutral zone.
11:22 of 1st period - Wrist shot by Sergey Tolchinsky.
11:22 of 1st period - Shot Misses the Net.
11:28 of 1st period - Wrist shot by Sergey Tolchinsky.
11:28 of 1st period - Shot Misses the Net.
11:30 of 1st period - Slapshot by Adam Fox.
11:30 of 1st period - Shot Blocked by Dylan Blujus.
12:29 of 1st period - Peter Holland is hit by Oliver Bjorkstrand and loses puck.
12:34 of 1st period - Slapshot by Zemgus Girgensons.
12:34 of 1st period - Stopped by Igor Shesterkin with a rebound.
12:36 of 1st period - Snap shot by Jordan Schroeder.
12:36 of 1st period - Stopped by Igor Shesterkin with a rebound.
13:18 of 1st period - Wrist shot by Christoph Bertschy.
13:18 of 1st period - Stopped by Igor Shesterkin with a rebound.
13:20 of 1st period - Slapshot by Zachary Sanford.
13:20 of 1st period - Stopped by Igor Shesterkin without a rebound.
13:21 of 1st period - Peter Holland wins face-off versus Jordan Schroeder in Rocket zone.
13:47 of 1st period - Michael Matheson is hit by Mattias Tedenby and loses puck.
13:52 of 1st period - Wrist shot by Mattias Tedenby.
13:52 of 1st period - Shot Blocked by Christoph Bertschy.
14:08 of 1st period - Wrist shot by Vitaly Abramov.
14:08 of 1st period - Stopped by Igor Shesterkin with a rebound.
14:34 of 1st period - Backhand shot by A.J. Jenks.
14:34 of 1st period - Stopped by Igor Shesterkin with a rebound.
14:39 of 1st period - Off-side.
14:40 of 1st period - Christoph Bertschy wins face-off versus Peter Holland in neutral zone.
14:45 of 1st period - Wrist shot by Adrian Kempe.
14:45 of 1st period - Stopped by Scott Wedgewood with a rebound.
14:52 of 1st period - Off-side.
14:53 of 1st period - Peter Holland wins face-off versus Tomas Jurco in neutral zone.
15:49 of 1st period - Icing by Keegan Lowe.
15:50 of 1st period - Karson Kuhlman wins face-off versus Kevin Rooney in Senators zone.
16:13 of 1st period - Viktor Loov is hit by A.J. Jenks and loses puck.
16:18 of 1st period - Wrist shot by A.J. Jenks.
16:18 of 1st period - Shot Blocked by Viktor Loov.
16:20 of 1st period - Backhand shot by Dylan Blujus.
16:20 of 1st period - Shot Blocked by Adam Fox.
16:26 of 1st period - Wrist shot by Grant Besse.
16:26 of 1st period - Stopped by Igor Shesterkin with a rebound.
16:28 of 1st period - Snap shot by A.J. Jenks.
16:28 of 1st period - Shot Misses the Net.
16:30 of 1st period - Slapshot by Grant Besse.
16:30 of 1st period - Shot Misses the Net.
16:32 of 1st period - Slapshot by Keegan Lowe.
16:32 of 1st period - Deflect By Sergey Tolchinsky.
16:32 of 1st period - Stopped by Igor Shesterkin with a rebound.
16:34 of 1st period - Snap shot by A.J. Jenks.
16:34 of 1st period - Shot Misses the Net.
16:36 of 1st period - Backhand shot by Dylan Blujus.
16:36 of 1st period - Shot Blocked by Karson Kuhlman.
16:38 of 1st period - Snap shot by A.J. Jenks.
16:38 of 1st period - Stopped by Igor Shesterkin without a rebound.
16:39 of 1st period - Corey Trivino wins face-off versus Zachary Sanford in Rocket zone.
16:48 of 1st period - Wrist shot by Mattias Tedenby.
16:48 of 1st period - Shot Blocked by Jack Dougherty.
17:14 of 1st period - Snap shot by Peter Holland.
17:14 of 1st period - Shot Misses the Net.
17:56 of 1st period - Icing by Dylan Blujus.
17:57 of 1st period - Christoph Bertschy wins face-off versus Corey Trivino in Senators zone.
18:27 of 1st period - Wrist shot by Corey Trivino.
18:27 of 1st period - Deflect By Mattias Tedenby.
18:27 of 1st period - Stopped by Scott Wedgewood with a rebound.
18:29 of 1st period - Wrist shot by Corey Trivino.
18:29 of 1st period - Shot Misses the Net.
18:31 of 1st period - Slapshot by Viktor Loov.
18:31 of 1st period - Shot Blocked by Christoph Bertschy.
18:33 of 1st period - Wrist shot by Adam Fox.
18:33 of 1st period - Shot Misses the Net.
18:35 of 1st period - Slapshot by Viktor Loov.
18:35 of 1st period - Stopped by Scott Wedgewood with a rebound.
18:37 of 1st period - Slapshot by Adam Fox.
18:37 of 1st period - Goal by Adam Fox - Senators : 0 - Rocket : 2.
18:38 of 1st period - Jordan Schroeder wins face-off versus Danton Heinen in neutral zone.
Goals for this period are 0 for Senators vs 2 for Rocket.
Shots for this period are 13 for Senators vs 12 for Rocket.

2nd period


0:01 of 2nd period - Corey Trivino wins face-off versus Christoph Bertschy in neutral zone.
1:14 of 2nd period - Slapshot by Sergey Tolchinsky.
1:14 of 2nd period - Stopped by Scott Wedgewood without a rebound.
1:15 of 2nd period - Jordan Schroeder wins face-off versus Corey Trivino in Senators zone.
1:42 of 2nd period - Dmitry Sinitsyn is hit by Peter Holland and loses puck.
1:55 of 2nd period - Scott Harrington is hit by Adrian Kempe.
2:05 of 2nd period - Wrist shot by Viktor Loov.
2:05 of 2nd period - Stopped by Scott Wedgewood with a rebound.
2:34 of 2nd period - Wrist shot by Sergey Tolchinsky.
2:34 of 2nd period - Deflect By Scott Harrington.
2:34 of 2nd period - Shot Misses the Net.
2:34 of 2nd period - Puck is out of play.
2:35 of 2nd period - Corey Trivino wins face-off versus Chandler Stephenson in Senators zone.
2:38 of 2nd period - Snap shot by Brandon Pirri.
2:38 of 2nd period - Stopped by Scott Wedgewood without a rebound.
2:39 of 2nd period - Christoph Bertschy wins face-off versus Corey Trivino in Senators zone.
2:44 of 2nd period - Andrei Mironov is hit by Michael Matheson and loses puck.
3:32 of 2nd period - Dylan Blujus is hit by Ty Rattie and loses puck.
4:33 of 2nd period - Slapshot by Adrian Kempe.
4:33 of 2nd period - Stopped by Scott Wedgewood without a rebound.
4:34 of 2nd period - Peter Holland wins face-off versus A.J. Jenks in Senators zone.
4:53 of 2nd period - Slapshot by Danton Heinen.
4:53 of 2nd period - Stopped by Scott Wedgewood without a rebound.
4:54 of 2nd period - Corey Trivino wins face-off versus Christoph Bertschy in Senators zone.
4:55 of 2nd period - Slapshot by Mattias Tedenby.
4:55 of 2nd period - Shot Blocked by Dylan Blujus.
5:13 of 2nd period - Dylan Blujus is hit by Andrey Pedan and loses puck.
5:36 of 2nd period - Slapshot by Keegan Lowe.
5:36 of 2nd period - Deflect By Oliver Bjorkstrand.
5:36 of 2nd period - Shot Blocked by Dean Kukan.
5:36 of 2nd period - Puck is out of play.
5:37 of 2nd period - Dominic Turgeon wins face-off versus Kevin Rooney in Rocket zone.
6:11 of 2nd period - Slapshot by Mattias Tedenby.
6:11 of 2nd period - Goal by Mattias Tedenby - Senators : 0 - Rocket : 3.
6:12 of 2nd period - Zachary Sanford wins face-off versus Corey Trivino in neutral zone.
6:25 of 2nd period - Snap shot by Brandon Pirri.
6:25 of 2nd period - Shot Blocked by Christoph Bertschy.
6:27 of 2nd period - Wrist shot by Brandon Pirri.
6:27 of 2nd period - Stopped by Scott Wedgewood without a rebound.
6:28 of 2nd period - Danton Heinen wins face-off versus Jordan Schroeder in Senators zone.
6:35 of 2nd period - Wrist shot by Danton Heinen.
6:35 of 2nd period - Stopped by Scott Wedgewood with a rebound.
6:39 of 2nd period - Wrist shot by Adrian Kempe.
6:39 of 2nd period - Shot Misses the Net.
6:43 of 2nd period - Snap shot by Adrian Kempe.
6:43 of 2nd period - Stopped by Scott Wedgewood without a rebound.
6:44 of 2nd period - Corey Trivino wins face-off versus Christoph Bertschy in Senators zone.
6:51 of 2nd period - Snap shot by Corey Trivino.
6:51 of 2nd period - Stopped by Scott Wedgewood with a rebound.
7:59 of 2nd period - Wrist shot by Mattias Tedenby.
7:59 of 2nd period - Stopped by Scott Wedgewood with a rebound.
8:01 of 2nd period - Backhand shot by Adam Fox.
8:01 of 2nd period - Deflect By Brandon Pirri.
8:01 of 2nd period - Stopped by Scott Wedgewood without a rebound.
8:02 of 2nd period - Christoph Bertschy wins face-off versus Adrian Kempe in Senators zone.
8:02 of 2nd period - Christoph Bertschy is hit by Danton Heinen.
8:48 of 2nd period - Icing by Dylan Blujus.
8:49 of 2nd period - Chandler Stephenson wins face-off versus Sergey Tolchinsky in Senators zone.
8:49 of 2nd period - Chandler Stephenson is hit by Dylan DeMelo.
8:57 of 2nd period - Slapshot by Dylan Blujus.
8:57 of 2nd period - Stopped by Igor Shesterkin without a rebound.
8:58 of 2nd period - Christoph Bertschy wins face-off versus Peter Holland in Rocket zone.
9:13 of 2nd period - Wrist shot by Peter Holland.
9:13 of 2nd period - Shot Misses the Net.
9:25 of 2nd period - Dominic Turgeon is hit by Zemgus Girgensons and loses puck.
9:32 of 2nd period - Slapshot by Jordan Schroeder.
9:32 of 2nd period - Stopped by Igor Shesterkin with a rebound.
9:52 of 2nd period - Snap shot by A.J. Jenks.
9:52 of 2nd period - Stopped by Igor Shesterkin with a rebound.
10:13 of 2nd period - Adam Fox is hit by William Bitten and loses puck.
10:20 of 2nd period - Michael Matheson is hit by Kole Sherwood and loses puck.
10:31 of 2nd period - Slapshot by Michael Matheson.
10:31 of 2nd period - Stopped by Igor Shesterkin with a rebound.
10:33 of 2nd period - Wrist shot by Chandler Stephenson.
10:33 of 2nd period - Shot Misses the Net.
10:35 of 2nd period - Slapshot by Dmitry Sinitsyn.
10:35 of 2nd period - Deflect By Chandler Stephenson.
10:35 of 2nd period - Goal by Chandler Stephenson - Senators : 1 - Rocket : 3.
10:36 of 2nd period - Corey Trivino wins face-off versus Christoph Bertschy in neutral zone.
11:02 of 2nd period - Andrei Mironov is hit by Zemgus Girgensons and loses puck.
11:09 of 2nd period - Slapshot by Zemgus Girgensons.
11:09 of 2nd period - Stopped by Igor Shesterkin without a rebound.
11:10 of 2nd period - Jordan Schroeder wins face-off versus Peter Holland in Rocket zone.
11:11 of 2nd period - Snap shot by Oliver Bjorkstrand.
11:11 of 2nd period - Stopped by Igor Shesterkin without a rebound.
11:12 of 2nd period - Jordan Schroeder wins face-off versus Peter Holland in Rocket zone.
11:15 of 2nd period - Slapshot by Dylan Blujus.
11:15 of 2nd period - Shot Blocked by Viktor Loov.
11:23 of 2nd period - Wrist shot by Danton Heinen.
11:23 of 2nd period - Stopped by Scott Wedgewood with a rebound.
11:25 of 2nd period - Wrist shot by Danton Heinen.
11:25 of 2nd period - Shot Misses the Net.
11:27 of 2nd period - Wrist shot by Danton Heinen.
11:27 of 2nd period - Stopped by Scott Wedgewood with a rebound.
12:08 of 2nd period - Kevin Rooney is hit by Andrei Mironov and loses puck.
12:57 of 2nd period - Zachary Sanford is hit by Brandon Pirri and loses puck.
13:51 of 2nd period - Snap shot by Christoph Bertschy.
13:51 of 2nd period - Shot Blocked by Dean Kukan.
14:07 of 2nd period - Slapshot by Chandler Stephenson.
14:07 of 2nd period - Shot Blocked by Adrian Kempe.
15:19 of 2nd period - Dominic Turgeon is hit by Michael Matheson and loses puck.
16:33 of 2nd period - Sergey Tolchinsky is hit by Keegan Lowe and loses puck.
16:40 of 2nd period - Wrist shot by Grant Besse.
16:40 of 2nd period - Stopped by Igor Shesterkin with a rebound.
17:02 of 2nd period - Sergey Tolchinsky is hit by Mason Geertsen and loses puck.
17:45 of 2nd period - Christoph Bertschy is hit by Adrian Kempe.
18:01 of 2nd period - Icing by Grant Besse.
18:02 of 2nd period - Dominic Turgeon wins face-off versus A.J. Jenks in Senators zone.
18:07 of 2nd period - Slapshot by Ty Rattie.
18:07 of 2nd period - Shot Blocked by Keegan Lowe.
18:09 of 2nd period - Snap shot by Ty Rattie.
18:09 of 2nd period - Stopped by Scott Wedgewood without a rebound.
18:10 of 2nd period - Christoph Bertschy wins face-off versus Corey Trivino in Senators zone.
18:17 of 2nd period - Slapshot by Dmitry Sinitsyn.
18:17 of 2nd period - Shot Blocked by Adam Fox.
18:41 of 2nd period - Snap shot by Adrian Kempe.
18:41 of 2nd period - Stopped by Scott Wedgewood without a rebound.
18:42 of 2nd period - Christoph Bertschy wins face-off versus Peter Holland in Senators zone.
18:56 of 2nd period - Off-side.
18:57 of 2nd period - Mattias Tedenby wins face-off versus Jordan Schroeder in neutral zone.
19:24 of 2nd period - Danton Heinen is hit by Michael Matheson and loses puck.
19:30 of 2nd period - Icing by Andrei Mironov.
19:31 of 2nd period - Peter Holland wins face-off versus Christoph Bertschy in Rocket zone.
19:48 of 2nd period - Wrist shot by Danton Heinen.
19:48 of 2nd period - Shot Blocked by Dylan Blujus.
19:50 of 2nd period - Snap shot by Adrian Kempe.
19:50 of 2nd period - Deflect By Peter Holland.
19:50 of 2nd period - Stopped by Scott Wedgewood with a rebound.
Goals for this period are 1 for Senators vs 1 for Rocket.
Shots for this period are 8 for Senators vs 17 for Rocket.

3rd period


0:01 of 3rd period - Christoph Bertschy wins face-off versus Corey Trivino in neutral zone.
0:31 of 3rd period - Zemgus Girgensons is hit by Adrian Kempe and loses puck.
0:46 of 3rd period - Slapshot by Dmitry Sinitsyn.
0:46 of 3rd period - Stopped by Igor Shesterkin without a rebound.
0:47 of 3rd period - Kevin Rooney wins face-off versus Dominic Turgeon in Rocket zone.
1:00 of 3rd period - Wrist shot by A.J. Jenks.
1:00 of 3rd period - Goal by A.J. Jenks - Senators : 2 - Rocket : 3.
1:01 of 3rd period - Christoph Bertschy wins face-off versus Corey Trivino in neutral zone.
1:28 of 3rd period - Danton Heinen is hit by Zemgus Girgensons and loses puck.
1:47 of 3rd period - Snap shot by Grant Besse.
1:47 of 3rd period - Stopped by Igor Shesterkin without a rebound.
1:48 of 3rd period - Kevin Rooney wins face-off versus Dominic Turgeon in Rocket zone.
1:49 of 3rd period - Slapshot by Dmitry Sinitsyn.
1:49 of 3rd period - Shot Blocked by Jiri Sekac.
1:53 of 3rd period - Snap shot by A.J. Jenks.
1:53 of 3rd period - Stopped by Igor Shesterkin with a rebound.
1:57 of 3rd period - Wrist shot by A.J. Jenks.
1:57 of 3rd period - Shot Misses the Net.
2:03 of 3rd period - Snap shot by Grant Besse.
2:03 of 3rd period - Stopped by Igor Shesterkin without a rebound.
2:04 of 3rd period - Corey Trivino wins face-off versus Christoph Bertschy in Rocket zone.
2:04 of 3rd period - Corey Trivino is hit by Scott Harrington.
2:10 of 3rd period - Scott Harrington is hit by Brandon Pirri.
2:16 of 3rd period - Slapshot by Jack Dougherty.
2:16 of 3rd period - Stopped by Igor Shesterkin with a rebound.
2:18 of 3rd period - Snap shot by Jack Dougherty.
2:18 of 3rd period - Stopped by Igor Shesterkin with a rebound.
2:20 of 3rd period - Wrist shot by Christoph Bertschy.
2:20 of 3rd period - Shot Misses the Net.
2:30 of 3rd period - Jordan Schroeder is hit by Danton Heinen and loses puck.
3:14 of 3rd period - Backhand shot by Dylan Blujus.
3:14 of 3rd period - Stopped by Igor Shesterkin without a rebound.
3:15 of 3rd period - Christoph Bertschy wins face-off versus Karson Kuhlman in Rocket zone.
3:16 of 3rd period - Slapshot by Zachary Sanford.
3:16 of 3rd period - Stopped by Igor Shesterkin without a rebound.
3:17 of 3rd period - Corey Trivino wins face-off versus Christoph Bertschy in Rocket zone.
4:36 of 3rd period - Snap shot by Ty Rattie.
4:36 of 3rd period - Shot Blocked by Dmitry Sinitsyn.
4:54 of 3rd period - Adam Fox is hit by Tomas Jurco and loses puck.
5:23 of 3rd period - Slapshot by Jordan Schroeder.
5:23 of 3rd period - Shot Blocked by Adam Fox.
5:37 of 3rd period - Kevin Rooney is hit by Viktor Loov and loses puck.
5:42 of 3rd period - Snap shot by Jiri Sekac.
5:42 of 3rd period - Stopped by Scott Wedgewood with a rebound.
6:00 of 3rd period - Karson Kuhlman is hit by William Bitten.
6:11 of 3rd period - Icing by Andrei Mironov.
6:12 of 3rd period - Corey Trivino wins face-off versus Christoph Bertschy in Rocket zone.
6:12 of 3rd period - Corey Trivino is hit by Jack Dougherty.
6:42 of 3rd period - Adrian Kempe is hit by Oliver Bjorkstrand and loses puck.
6:48 of 3rd period - Off-side.
6:49 of 3rd period - Jordan Schroeder wins face-off versus Adrian Kempe in neutral zone.
6:53 of 3rd period - Dmitry Sinitsyn is hit by Viktor Loov and loses puck.
6:56 of 3rd period - Minor Penalty to Adam Fox for Goalie Interference.
6:57 of 3rd period - Dominic Turgeon wins face-off versus Christoph Bertschy in Rocket zone.
8:56 of 3rd period - Penalty to Adam Fox is over, Adam Fox is back on ice.
9:00 of 3rd period - Snap shot by Vitaly Abramov.
9:00 of 3rd period - Shot Blocked by Andrey Pedan.
9:02 of 3rd period - Snap shot by Jack Dougherty.
9:02 of 3rd period - Shot Misses the Net.
9:24 of 3rd period - Slapshot by Sergey Tolchinsky.
9:24 of 3rd period - Shot Misses the Net.
9:26 of 3rd period - Slapshot by Sergey Tolchinsky.
9:26 of 3rd period - Shot Misses the Net.
9:51 of 3rd period - Zemgus Girgensons is hit by Mattias Tedenby and loses puck.
10:45 of 3rd period - Wrist shot by Corey Trivino.
10:45 of 3rd period - Shot Blocked by Oliver Bjorkstrand.
11:13 of 3rd period - Slapshot by Adam Fox.
11:13 of 3rd period - Shot Blocked by Christoph Bertschy.
11:15 of 3rd period - Snap shot by Ty Rattie.
11:15 of 3rd period - Shot Misses the Net.
11:25 of 3rd period - Brandon Pirri is hit by A.J. Jenks and loses puck.
11:40 of 3rd period - Wrist shot by Jack Dougherty.
11:40 of 3rd period - Stopped by Igor Shesterkin with a rebound.
12:05 of 3rd period - Wrist shot by Karson Kuhlman.
12:05 of 3rd period - Stopped by Scott Wedgewood with a rebound.
12:25 of 3rd period - Off-side.
12:26 of 3rd period - Christoph Bertschy wins face-off versus Dominic Turgeon in neutral zone.
13:00 of 3rd period - Jack Dougherty is hit by Ty Rattie and loses puck.
13:17 of 3rd period - Wrist shot by Brandon Pirri.
13:17 of 3rd period - Stopped by Scott Wedgewood with a rebound.
13:37 of 3rd period - Snap shot by Adrian Kempe.
13:37 of 3rd period - Stopped by Scott Wedgewood with a rebound.
14:03 of 3rd period - Dean Kukan is hit by Michael Matheson and loses puck.
14:38 of 3rd period - Andrei Mironov is hit by Keegan Lowe and loses puck.
14:43 of 3rd period - Wrist shot by Zemgus Girgensons.
14:43 of 3rd period - Shot Blocked by Dylan DeMelo.
14:45 of 3rd period - Snap shot by Jordan Schroeder.
14:45 of 3rd period - Shot Misses the Net.
14:47 of 3rd period - Wrist shot by Jordan Schroeder.
14:47 of 3rd period - Shot Blocked by Dylan DeMelo.
14:49 of 3rd period - Backhand shot by Mason Geertsen.
14:49 of 3rd period - Stopped by Igor Shesterkin without a rebound.
14:50 of 3rd period - Christoph Bertschy wins face-off versus Corey Trivino in Rocket zone.
15:00 of 3rd period - Minor Penalty to Tomas Jurco for High sticking.
15:01 of 3rd period - Christoph Bertschy wins face-off versus Corey Trivino in Senators zone.
15:16 of 3rd period - Wrist shot by Adrian Kempe.
15:16 of 3rd period - Deflect By Danton Heinen.
15:16 of 3rd period - Goal by Danton Heinen - Senators : 2 - Rocket : 4.
15:17 of 3rd period - Christoph Bertschy wins face-off versus Corey Trivino in neutral zone.
15:20 of 3rd period - Slapshot by Dmitry Sinitsyn.
15:20 of 3rd period - Stopped by Igor Shesterkin without a rebound.
15:21 of 3rd period - Corey Trivino wins face-off versus Christoph Bertschy in Rocket zone.
15:26 of 3rd period - Snap shot by Adam Fox.
15:26 of 3rd period - Stopped by Scott Wedgewood with a rebound.
15:28 of 3rd period - Snap shot by Brandon Pirri.
15:28 of 3rd period - Shot Misses the Net.
15:52 of 3rd period - Snap shot by Adam Fox.
15:52 of 3rd period - Stopped by Scott Wedgewood with a rebound.
16:18 of 3rd period - Slapshot by Dylan Blujus.
16:18 of 3rd period - Deflect By Adam Fox.
16:18 of 3rd period - Stopped by Igor Shesterkin without a rebound.
16:19 of 3rd period - Christoph Bertschy wins face-off versus Corey Trivino in Rocket zone.
17:31 of 3rd period - Wrist shot by Brandon Pirri.
17:31 of 3rd period - Shot Misses the Net.
17:33 of 3rd period - Slapshot by Mattias Tedenby.
17:33 of 3rd period - Shot Misses the Net.
17:35 of 3rd period - Slapshot by Andrey Pedan.
17:35 of 3rd period - Stopped by Scott Wedgewood with a rebound.
18:17 of 3rd period - Snap shot by Jiri Sekac.
18:17 of 3rd period - Deflect By Dominic Turgeon.
18:17 of 3rd period - Shot Blocked by Michael Matheson.
18:17 of 3rd period - Puck is out of play.
18:18 of 3rd period - Dominic Turgeon wins face-off versus Christoph Bertschy in Senators zone.
18:27 of 3rd period - Snap shot by Jiri Sekac.
18:27 of 3rd period - Shot Misses the Net.
18:41 of 3rd period - Zemgus Girgensons is hit by Peter Holland and loses puck.
19:00 of 3rd period - Snap shot by Mattias Tedenby.
19:00 of 3rd period - Stopped by Scott Wedgewood with a rebound.
19:53 of 3rd period - Danton Heinen is hit by Mason Geertsen and loses puck.
Goals for this period are 1 for Senators vs 1 for Rocket.
Shots for this period are 13 for Senators vs 9 for Rocket.